 Dungeon Crawl Stone Soup version 0.31.0-32-g396128a36d (webtiles) character file.

Game seed: 9875654674981305628

523 Scarstruck the Trooper (level 7, -22/49 HPs)
             Began as an Octopode Shapeshifter on Mar 25, 2024.
             Was a Follower of Cheibriados.
             Annihilated by an ogre
             ... wielding a +0 giant club
              (32 damage)
             ... on level 5 of the Dungeon.
             The game lasted 00:03:23 (3059 turns).

Scarstruck the Trooper (Octopode Shapeshifter)      Turns: 3059, Time: 00:03:23

Health: -22/49     AC:  1    Str: 16    XL:     7   Next: 22%
Magic:  7/7        EV: 13    Int: 18    God:    Cheibriados [*.....]
Gold:   176        SH:  0    Dex: 14    Spells: 6/6 levels left

rFire   . .          .
                       - Unarmed
rCold   + . .        (no shield)
rNeg    . . .        (helmet currently unavailable)
rPois   .            (no amulet)
rElec   .            C - ring of protection from cold
rCorr   .            W - ring of willpower
SInv    .            (no ring)
Will    +....        (no ring)
Stlth   ++           (no ring)
HPRegen 0.28/turn    (no ring)
MPRegen 0.10/turn    (no ring)
                     (no ring)

%: no passive effects
@: beast-form, very slow
A: beast (slay +2), almost no armour, amphibious, 8 rings, camouflage 1,
gelatinous body 1, (nimble swimmer 1), tentacles
a: Begin Untransformation, Renounce Religion, Bend Time


You were on level 5 of the Dungeon.
You worshipped Cheibriados.
Cheibriados was aware of your devotion.
You were a hulking beast.
You visited 1 branch of the dungeon, and saw 5 of its levels.
You also visited: Sewer.

You collected 176 gold pieces.


Innate Abilities, Weirdness & Mutations

You are a hulking beast.
Your limbs bulge with bestial killing power. (Slay +2)
You cannot wear most types of armour.
You are amphibious.
You can wear up to eight rings at the same time.
Your skin changes colour to match your surroundings (Stealth+).
Your rubbery body absorbs attacks. (AC +1, EV +1)
((You are camouflaged when in or above water. (Stealth+)))
You have tentacles for arms and can constrict up to eight enemies at once.


   Skills:
 + Level 4.9 Fighting
 - Level 2.0 Dodging
 + Level 4.8 Unarmed Combat
 + Level 4.7 Shapeshifting


You had 6 spell levels left.
You didn't know any spells.
Your spell library contained the following spells:

 Spells                   Type           Power      Damage    Failure   Level
 Gell's Gravitas          Tloc           0%         N/A       54%         3
 Inner Flame              Hex/Fire       0%         N/A       54%         3
 Teleport Other           Tloc           0%         N/A       54%         3
 Flame Wave               Conj/Fire      0%         2d4       91%         4
 Sticky Flame             Fire/Alch      0%         2d4       91%         4
 Dispersal                Tloc           0%         N/A       100%        6

Inventory:

Missiles
 g - 4 throwing nets {=f}
Magical Staves
 i - a staff of earth {!a}
Jewellery
 c - a ring of ice
 C - a ring of protection from cold (left tentacle)
 W - a ring of willpower (right tentacle)
Talismans
 b - a beast talisman
 h - a dragon-blood talisman
 l - a flux talisman
Scrolls
 f - 5 scrolls of identify {unknown}
 j - a scroll of amnesia {unknown}
 k - a scroll of revelation {unknown}
Potions
 a - a potion of lignification
 d - 2 potions of haste {@q3}
 e - a potion of attraction {unknown}

Dungeon Overview and Level Annotations

Branches:
Dungeon (6/15)              Sewer (visited)
 Temple: D:4-7

Altars:
Ashenzari
Cheibriados
Makhleb

Annotations:
D:6 exclusions: centaur and water moccasin, Dowan

#.. .# .. #.# .#
.# #.# .# .o##
#.# .#..... #.#
.#... #)# ..o .#
#.###.#...#
#####O.)......#
#...ho).#.#.....
#.###...#.# ...
##........ .
##.#....#
#.#.##.# #.#.#
.# ..... # #..
##.


You could see an ogre and an orc.


Message History

You tentacle-slap the orc priest.
You kill the orc priest!
Cheibriados appreciates the change of pace.
The orc misses you.
The orc wizard hits you with a +0 dagger.
* * * LOW HITPOINT WARNING * * *
You tentacle-slap the orc wizard but do no damage.
You grab the orc wizard. You constrict the orc wizard.
The orc barely misses you. The orc wizard misses you.
Unknown command.
You tentacle-slap the orc wizard. You squeeze the orc wizard.
The orc wizard is almost dead.
You constrict the orc wizard. The orc hits you with a +0 flail!
* * * LOW HITPOINT WARNING * * *
The orc wizard misses you.
Unknown command.
You tentacle-slap the orc wizard.
You kill the orc wizard!
Cheibriados appreciates the change of pace.
Cheibriados raises the support of your attributes as your movement slows.
The orc closely misses you. The ogre attacks as it pursues you!
The ogre misses you. The orc attacks as it pursues you!
The orc barely misses you.
There is a stone staircase leading down here.
The orc attacks as it pursues you! The orc hits you with a +0 flail.
* * * LOW HITPOINT WARNING * * *
The ogre attacks as it pursues you!
The ogre hits you with a +0 giant club!!
Ouch! That really hurt!
You die...

Skill      XL: |  1  2  3  4  5 |
---------------+----------------+-----
Fighting       | 2 3 4 |  4.9
Shapeshifting  | 4 |  4.7
Unarmed Combat | 4 |  4.8
Dodging        | |  2.0

Action                     |  1- 3 |  4- 6 |  7- 9 || total
---------------------------+-------+-------+-------++-------
  Melee: Unarmed           |    55 |    71 |    12 ||   138
         Constrict         |    14 |    19 |     4 ||    37
         Tentacles         |    13 |    17 |     4 ||    34
         Punch             |     2 |     1 |     1 ||     4
   Stab: Sleeping          |     3 |     2 |     2 ||     7
 Armour: Skin              |    24 |    34 |     6 ||    64
  Dodge: Dodged            |    28 |    45 |     9 ||    82

Levels and vault maps discovered:
D:1:      tarquinn_simple_flora_water_f, layout_basic
D:2:      layout_basic
D:3:      layout_loops_corners, nicolae_overflow_crystal_walls,
          nicolae_ashenzari_panopticon, lightli_temple_of_fire, uniq_grinder
D:5:      minmay_bubble_buster, layout_basic, mainiacjoe_overflow_catwalk,
          minmay_temple_entry_fiery, uniq_blork_the_orc
D:6:      layout_loops_ring, serial_shops, shop, cheibrodos_sewer_entry_bend,
          minmay_misc_feat_nine_boxes, uniq_edmund, uniq_duvessa

Notes
Turn   | Place    | Note
-------+----------+-------------------------------------------
     0 | D:1      | Scarstruck the Octopode Shapeshifter began the quest for
                  | the Orb.
     0 | D:1      | Reached XP level 1. HP: 13/13 MP: 1/1
   112 | D:1      | Reached skill level 2 in Fighting
   112 | D:1      | Reached XP level 2. HP: 9/19 MP: 2/2
   482 | D:1      | Reached XP level 3. HP: 18/25 MP: 3/3
   485 | D:1      | Reached skill level 3 in Fighting
   912 | D:2      | Reached XP level 4. HP: 14/31 MP: 4/4
  1654 | D:3      | Found a snail-covered altar of Cheibriados.
  1663 | D:3      | Became a worshipper of Cheibriados the Contemplative
  1712 | D:3      | Found a burning altar of Makhleb.
  1782 | D:3      | Noticed a scorpion
  1791 | D:3      | Killed a scorpion
  1792 | D:3      | Reached skill level 4 in Fighting
  1792 | D:3      | Reached skill level 4 in Shapeshifting
  1792 | D:3      | Reached XP level 5. HP: 36/37 MP: 5/5
  1934 | D:3      | Found a broken altar of Ashenzari.
  2045 | D:3      | You fall into a shaft and drop 3 floors!
  2046 | D:6      | Found a glowing drain.
  2059 | Sewer    | Entered a sewer
  2070 | Sewer    | Reached * piety under Cheibriados
  2134 | Sewer    | Reached skill level 4 in Unarmed Combat
  2134 | Sewer    | Reached XP level 6. HP: 26/43 MP: 2/6
  2582 | D:6      | Noticed a water moccasin
  2646 | D:6      | Noticed a water moccasin
  2653 | D:6      | Killed a water moccasin
  2654 | D:6      | Reached XP level 7. HP: 30/49 MP: 7/7
  2903 | D:6      | Noticed Dowan
  3031 | D:5      | Entered Level 5 of the Dungeon
  3059 | D:5      | Annihilated by an ogre

Vanquished Creatures
  A water moccasin (D:6)
  A crocodile (Sewer)
  A brain worm (Sewer)
  A scorpion (D:3)
  A hound (D:6)
  An orc priest (D:5)
  An orc wizard (D:5)
  3 gnolls (D:2)
  2 adders
  4 dart slugs (D:1)
  A ribbon worm (D:6)
  3 orcs
  8 bats
  4 endoplasms
  3 giant cockroaches
  5 goblins
  6 hobgoblins
  2 quokkas
  5 ball pythons
  3 frilled lizards
  7 kobolds
  4 rats
67 creatures vanquished.

Table legend: (Time is in decaauts)
 A = Elapsed time spent in this place.
 B = Non-inter-level travel time spent in this place.
 C = Inter-level travel time spent in this place.
 D = Time resting spent in this place.
 E = Time spent auto-exploring this place.
 F = Levels seen in this place.
 G = Mean time per level.
                   A        B        C        D        E       F      G
               +--------+--------+--------+--------+--------+-----+--------+
         Total |   3276 |   3182 |     94 |    499 |   2236 |   6 |  546.0 |
       Dungeon |   2839 |   2745 |     94 |    337 |   2009 |   5 |  567.8 |
         Sewer |    437 |    437 |      0 |    162 |    227 |   1 |  437.0 |
               +--------+--------+--------+--------+--------+-----+--------+

Top non-repeatable levels by time:
     D:2: 824 daAuts
     D:1: 778 daAuts
     D:6: 673 daAuts
     D:3: 530 daAuts
   Sewer: 437 daAuts
     D:5: 33 daAuts

Table legend:
 A = Non-vault XP
 B = Vault XP
 C = Vault XP percentage of total XP
 D = Non-vault monster count
 E = Vault monster count
 F = Vault count percentage of total count
                 A         B        C        D         E       F
            +---------+---------+-------+---------+---------+-------
      Total |     518 |     230 |  30.7 |      58 |       9 |  13.4
            +---------+---------+-------+---------+---------+-------
        D:1 |      42 |       0 |   0.0 |      20 |       0 |   0.0
        D:2 |      83 |       0 |   0.0 |      20 |       0 |   0.0
        D:3 |     116 |       0 |   0.0 |      12 |       0 |   0.0
        D:5 |      79 |       0 |   0.0 |       3 |       0 |   0.0
        D:6 |     198 |       4 |   2.0 |       3 |       1 |  25.0
      Sewer |       0 |     226 | 100.0 |       0 |       8 | 100.0
            +---------+---------+-------+---------+---------+-------
